 Dungeon Crawl Stone Soup version 0.31-a0-278-g485e682e34 (webtiles) character file.

Game seed: 11930310483455510692

28 AdnanSaban the Covered (level 3, 0/23 HPs)
             Began as a Gargoyle Fighter on July 15, 2023.
             Slain by a goblin
             ... wielding a +0 dagger
             ... led by Robin
              (2 damage)
             ... on level 2 of the Dungeon.
             The game lasted 00:01:08 (1096 turns).

AdnanSaban the Covered (Gargoyle Fighter)           Turns: 1096, Time: 00:01:10

Health: 0/23       AC: 10    Str: 21    XL:     3   Next: 12%
Magic:  3/3        EV:  9    Int:  8    God:
Gold:   102        SH:  4    Dex:  9    Spells: 2/2 levels left

rFire   . . .        a - +0 flail
rCold   . . .        c - +0 buckler
rNeg    + . .        b - +0 scale mail
rPois   ∞            (no helmet)
rElec   +            (no cloak)
rCorr   .            (no gloves)
SInv    .            (no boots)
Will    .....        (no amulet) Stlth
                     (no ring)
HPRegen 0.23/turn    (no ring)
MPRegen 0.08/turn

%: no passive effects
@: no status effects
A: sickness immunity, AC +3, negative energy resistance 1, electricity
resistance, torment resistance 1, petrification resistance
a: no special abilities


You were on level 2 of the Dungeon.
You visited 1 branch of the dungeon, and saw 2 of its levels.

You collected 102 gold pieces.

Inventory:

Hand Weapons
 a - a +0 flail (weapon)
Armour
 b - a +0 scale mail (worn)
 c - a +0 buckler (worn)
Jewellery
 k - an amulet of magic regeneration
 n - an amulet of reflection
Scrolls
 e - a scroll of fog {unknown}
 f - a scroll of amnesia {unknown}
 h - a scroll of blinking {unknown}
 m - a scroll of identify {unknown}
Potions
 d - a potion of might
 g - a potion of magic {unknown}
 i - a potion of ambrosia {unknown}
 j - 2 potions of lignification {unknown}
 l - a potion of attraction {unknown}


   Skills:
 + Level 3.6 Fighting
 + Level 2.3 Maces & Flails
 + Level 3.8 Armour
 + Level 3.5 Shields


You had 2 spell levels left.
You didn't know any spells.
Your spell library was empty.

Dungeon Overview and Level Annotations

Branches:
Dungeon (2/15)

Altars:

Annotations:
D:2 Robin


Innate Abilities, Weirdness & Mutations

You are immune to sickness and miasma.
Your stone body is resilient. (AC +3)
You are immune to poison.
You resist negative energy. (rN+)
You are resistant to electric shocks. (rElec)
You are resistant to unholy torment.
You are immune to petrification.


Message History

You completely miss the goblin. The goblin closely misses you.
The goblin hits you with a +0 dagger. The goblin barely misses you.
The goblin hits you but does no damage. x2
A goblin comes into view. It is wielding a +0 dagger.
You closely miss the goblin.
Robin roars a battlecry!
The goblin goes into a battle-frenzy!
The goblin closely misses you. x2; The goblin hits you but does no damage.
You block the goblin's attack.
A goblin comes into view. It is wielding a +1 vampiric dagger.
The goblin hits you with a +0 club.
* * * LOW HITPOINT WARNING * * *
You hit Robin.
Robin is moderately wounded.
The goblin hits you but does no damage. The goblin hits you with a +0 dagger.
* * * LOW HITPOINT WARNING * * *
The goblin hits you but does no damage. x3; You block the goblin's attack.
The goblin hits you but does no damage. x3; You block the goblin's attack.
You hit Robin but do no damage.
Robin is moderately wounded.
The goblin hits you but does no damage. You block the goblin's attack.
The goblin barely misses you. The goblin hits you but does no damage.
The goblin hits you with a +0 club.
* * * LOW HITPOINT WARNING * * *
You hit Robin.
Robin is moderately wounded.
The goblin hits you with a +0 club.
* * * LOW HITPOINT WARNING * * *
The goblin barely misses you. The goblin closely misses you.
The goblin hits you with a +0 dagger.
* * * LOW HITPOINT WARNING * * *
The goblin barely misses you.
You hit Robin.
Robin is severely wounded.
Robin hits you but does no damage. The goblin barely misses you.
You block the goblin's attack. The goblin closely misses you.
The goblin barely misses you. The goblin hits you but does no damage.
The goblin barely misses you.
The goblin hits you but does no damage. x3
The goblin hits you with a +0 dagger.
You die...

#.# ###.>#.#
#.# #.#. #.#
#..... #.#
#.# #.#
#..... ...
..# #.# ###.#
#..
#.####...##.#
#...........#
######.######
###g## #gg@g#
#..gggg..$..
#.###gg.####.
.. #(..# ##
#..## .#.. #
##


You could see Robin and 9 goblins.

Vanquished Creatures
  An adder (D:2)
  4 ball pythons (D:1)
  An endoplasm (D:1)
  A goblin (D:1)
  3 hobgoblins (D:1)
  2 bats
  2 frilled lizards
  3 kobolds (D:1)
  2 rats (D:1)
19 creatures vanquished.

Notes
Turn   | Place    | Note
-------+----------+-------------------------------------------
     0 | D:1      | AdnanSaban the Gargoyle Fighter began the quest for the
                  | Orb.
     0 | D:1      | Reached XP level 1. HP: 14/14 MP: 1/1
   272 | D:1      | Reached XP level 2. HP: 19/19 MP: 2/2
   970 | D:2      | Reached XP level 3. HP: 20/23 MP: 3/3
  1084 | D:2      | Noticed Robin
  1095 | D:2      | HP: 1/23 [goblin/+0 dagger[Robin] (2)]
  1096 | D:2      | Slain by a goblin

Illustrated notes

Levels and vault maps discovered:
D:1:      minmay_arrival_widening_spiral_wide, layout_loops_ring, serial_rivers,
          chequers_serial_rivers_large_b, chequers_serial_rivers_small_a,
          chequers_serial_rivers_small_b, chequers_serial_rivers_marsh,
          chequers_serial_rivers_small_b
D:2:      layout_loops_ring, uniq_robin

Action                     || total
---------------------------++-------
  Melee: Flail             ||    68
 Armour: Scale mail        ||    68
  Dodge: Dodged            ||    50
  Block: Buckler           ||    19

Table legend: (Time is in decaauts)
 A = Elapsed time spent in this place.
 B = Non-inter-level travel time spent in this place.
 C = Inter-level travel time spent in this place.
 D = Time resting spent in this place.
 E = Time spent auto-exploring this place.
 F = Levels seen in this place.
 G = Mean time per level.
                   A        B        C        D        E       F      G
               +--------+--------+--------+--------+--------+-----+--------+
         Total |   1176 |   1165 |     11 |      0 |    985 |   2 |  588.0 |
       Dungeon |   1176 |   1165 |     11 |      0 |    985 |   2 |  588.0 |
               +--------+--------+--------+--------+--------+-----+--------+

Top non-repeatable levels by time:
     D:1: 969 daAuts
     D:2: 206 daAuts
